 Dungeon Crawl Stone Soup version 0.23-a0-629-gae4348f (webtiles) character file.

58 Mgcat the Skirmisher (level 4, 0/61 HPs)
             Began as a Hill Orc Fighter on Dec 26, 2018.
             Succumbed to a gnoll's poison
             ... on level 2 of the Dungeon.
             The game lasted 00:01:47 (1164 turns).

Mgcat the Skirmisher (Hill Orc Fighter)             Turns: 1164, Time: 00:01:48

Health: 0/61       AC: 22    Str: 19    XL:     4   Next: 2%
Magic:  4/4        EV:  2    Int:  8    God:
Gold:   63         SH:  5    Dex: 15    Spells: 3/3 levels left

rFire    . . .     SeeInvis .   a - +0 war axe
rCold    . . .     Gourm    .   g - +0 buckler
rNeg     + + +     Faith    .   (armour currently unavailable)
rPois    +         Spirit   .   (helmet currently unavailable)
rElec    .         Reflect  .   (cloak currently unavailable)
rCorr    .         Harm     .   (gloves currently unavailable)
MR       .....     NoTele   +   (boots currently unavailable)
Stlth    ++........             (no amulet)
HPRegen  0.20/turn              (no ring)
MPRegen  0.09/turn              (no ring)

@: agile, lethally poisoned (0 -> -5), tree-form
A: evolution 1
a: no special abilities


You were on level 2 of the Dungeon.
You were not hungry.
You were a tree.
You visited 1 branch of the dungeon, and saw 2 of its levels.

You collected 63 gold pieces.

Inventory:

Hand Weapons
 a - a +0 war axe (weapon)
Armour
 b - a +0 scale mail (melded)
 c - a +0 shield
 g - a +0 buckler (worn)
   (You found it on level 1 of the Dungeon)
Potions
 d - a potion of might
Comestibles
 f - 3 rations
 j - 2 chunks of flesh {@w0}


   Skills:
 + Level 4.8 Fighting
 + Level 4.3 Axes
 - Level 3.2 Armour
 - Level 3.2 Shields


You had 3 spell levels left.
You didn't know any spells.
Your spell library was empty.

Dungeon Overview and Level Annotations

Branches:
Dungeon (2/15)

Altars:


Innate Abilities, Weirdness & Mutations

((You have very sharp teeth.))
((Your flesh is very heat resistant. (rF++)))
You evolve.


Message History

The quokka closely misses you.
You hit the quokka.
The quokka is almost dead.
The quokka bites you but does no damage. x2
You slash the quokka!
You kill the quokka!
You slash the kobold!
You kill the kobold!
No target in view!
No target in view!
No target in view!
You butcher the leopard gecko corpse.
j - 2 chunks of flesh {@w0} You see here a leopard gecko skeleton. x2
Key pressed, stopping explore.
A worm comes into view.
A worm is nearby!
A worm is nearby!
The worm bites you!
You hit the worm but do no damage. You hit the worm but do no damage.
The worm bites you but does no damage.
You slash the worm!
The worm is heavily wounded.
The worm bites you!
A kobold comes into view. It is wielding a +0 dagger.
You are too injured to fight recklessly!
You are too injured to fight recklessly!
You are too injured to fight recklessly!
You are too injured to fight recklessly!
The kobold shouts!
You slash the worm!
The worm is severely wounded.
You hear a shout!
The worm bites you but does no damage.
You hit the worm.
You kill the worm!
The kobold throws a stone.
The stone hits you but does no damage.
A goblin comes into view. It is wielding a +0 club.
The goblin shouts!
The kobold throws a stone.
The stone closely misses you.
A rat comes into view. x2
You hit the kobold.
You kill the kobold!
A gnoll comes into view.
It is wielding a -2 halberd. 2 gnolls come into view.
The gnoll shouts!
The goblin barely misses you.
Things that are here:
a +0 dagger; a kobold corpse The gnoll shouts!
You block the goblin's attack.
A gnoll comes into view. It is wielding a +2 whip of venom.
You barely miss the goblin.
The gnoll shouts!
You slash the rat!
You kill the rat!
The goblin barely misses you.
You slash the goblin!
You kill the goblin!
You have reached level 4!
You hit the rat.
You kill the rat!
The gnoll hits you but does no damage. The gnoll closely misses you.
You hit the gnoll.
The gnoll is heavily wounded.
The gnoll hits you but does no damage.
The gnoll hits you from afar with a +0 spear!
The gnoll hits you but does no damage. The gnoll hits you with a +0 spear.
You block the gnoll's attack.
Your scale mail prevents you from hitting the gnoll.
You barely miss the gnoll. You slash the gnoll!
The gnoll hits you from afar with a cursed -2 halberd.
* * * LOW HITPOINT WARNING * * *
The gnoll hits you with a +0 spear.
* * * LOW HITPOINT WARNING * * *
The gnoll hits you with a +2 whip of venom.
* * * LOW HITPOINT WARNING * * *
You are lethally poisoned!
The gnoll hits you but does no damage.
Unknown command.
Unknown command.
Unknown command.
It was a potion of lignification.
You turn into a tree.
Your +0 scale mail melds into your body.
Your roots penetrate the ground.
* * * LOW HITPOINT WARNING * * *
You feel sick. You block the gnoll's attack.
The gnoll hits you but does no damage. x3
Unknown command.
It was a potion of mutation.
You feel extremely strange.
You feel nature experimenting on you.
Don't worry, failures die fast.
You feel resistant to heat.
Your teeth lengthen and sharpen.
You feel more resistant to heat.
* * * LOW HITPOINT WARNING * * *
You feel sick. You block the gnoll's attack.
The gnoll hits you but does no damage. x2; The gnoll barely misses you.
Unknown command.
It was a potion of agility.
You feel agile all of a sudden.
You die...

#..(.......##(....# .
#.......%.........# ...
.#....(......#....##....
..............#..÷.##......
###.........#.#............
#....##...#.#......##....
#....##..)#.#......##....
#.......)g...#......#....
#.......♣#†..#...........
#.......ggg..##..........
#...#........##..........
...#........#..÷........
............#..<........
...........#.......####
............#.......####
..........#.............
#.............


You could see 4 gnolls.

Vanquished Creatures
  A worker ant (D:1)
  A worm (D:2)
  2 leopard geckos
  2 goblins
  4 hobgoblins
  3 jackals (D:1)
  2 quokkas (D:2)
  4 bats
  A frilled lizard (D:1)
  7 kobolds
  4 rats
31 creatures vanquished.

Notes
Turn   | Place    | Note
-------+----------+-------------------------------------------
     0 | D:1      | Mgcat the Hill Orc Fighter began the quest for the Orb.
     0 | D:1      | Reached XP level 1. HP: 19/19 MP: 1/1
   103 | D:1      | Reached skill level 3 in Axes
   176 | D:1      | Reached XP level 2. HP: 26/27 MP: 2/2
   178 | D:1      | Reached skill level 4 in Fighting
   893 | D:1      | Reached skill level 4 in Axes
   893 | D:1      | Reached XP level 3. HP: 17/34 MP: 3/3
  1157 | D:2      | Reached XP level 4. HP: 25/41 MP: 4/4
  1161 | D:2      | HP: 5/41 [gnoll/+0 spear (6)]
  1161 | D:2      | HP: 2/41 [gnoll/+2 whip of venom (3)]
  1163 | D:2      | Gained mutation: You evolve. [potion of mutation]
  1163 | D:2      | Gained mutation: Your flesh is heat resistant. (rF+)
                  | [potion of mutation]
  1163 | D:2      | Gained mutation: You have very sharp teeth. [potion of
                  | mutation]
  1163 | D:2      | Gained mutation: Your flesh is very heat resistant. (rF++)
                  | [potion of mutation]
  1164 | D:2      | Succumbed to a gnoll's poison

Vault maps used:
D:1:      dpeg_arrival_short_road

Skill      XL: |  1  2 |
---------------+-------+-----
Axes           | 3 4 |  4.3
Fighting       | 4 |  4.8
Armour         | |  3.2
Shields        | |  3.2

Action                   |  1- 3 |  4- 6 || total
-------------------------+-------+-------++-------
Melee: War axe           |    76 |     3 ||    79
  Use: Potion            |       |     3 ||     3
  Eat: Chunk             |     1 |       ||     1
Armor: Scale mail        |    34 |     4 ||    38
       Skin              |       |     5 ||     5
Dodge: Dodged            |    42 |     2 ||    44
Block: Shield            |     1 |       ||     1
       Buckler           |     9 |     3 ||    12

Table legend:
 A = Non-vault XP
 B = Vault XP
 C = Vault XP percentage of total XP
 D = Non-vault monster count
 E = Vault monster count
 F = Vault count percentage of total count
                 A         B        C        D         E       F
            +---------+---------+-------+---------+---------+-------
      Total |      84 |       0 |   0.0 |      31 |       0 |   0.0
            +---------+---------+-------+---------+---------+-------
        D:1 |      61 |       0 |   0.0 |      19 |       0 |   0.0
        D:2 |      23 |       0 |   0.0 |      12 |       0 |   0.0
            +---------+---------+-------+---------+---------+-------

Vault maps used:
D:1:      dpeg_arrival_short_road

Table legend:
 A = Turns spent in this place as a percentage of turns spent in the entire game.
 B = Non-inter-level travel turns spent in this place as a percentage of non-inter-level travel turns spent in the entire game.
 C = Inter-level travel turns spent in this place as a percentage of turns spent in this place.
 D = Turns resting spent in this place as a percentage of non-inter-level travel turns spent in this place.
 E = Turns spent auto-exploring this place as a percentage of non-inter-level travel turns spent in this place.
 F = Non-inter-level travel turns spent in this place divided by the number of levels of this place that you've seen.
                   A       B       C       D       E      F
               +-------+-------+-------+-------+-------+----------------------
         Total | 100.0 | 100.0 |   3.3 |  16.8 |  68.5 | 563.0
       Dungeon | 100.0 | 100.0 |   3.3 |  16.8 |  68.5 | 563.0
               +-------+-------+-------+-------+-------+----------------------

Table legend:
 A = Kills in this place as a percentage of kills in entire the game.
 B = Kills by you in this place as a percentage of kills by you in the entire game.
 C = Kills by friends in this place as a percentage of kills by friends in the entire game.
 D = Other kills in this place as a percentage of other kills in the entire game.
 E = Experience gained in this place as a percentage of experience gained in the entire game.
 F = Experience gained in this place divided by the number of levels of this place that you have seen.
                   A       B       C       D       E      F
               +-------+-------+-------+-------+-------+----------------------
         Total | 100.0 | 100.0 |   N/A |   N/A | 100.0 |  42.0
       Dungeon | 100.0 | 100.0 |   N/A |   N/A | 100.0 |  42.0
               +-------+-------+-------+-------+-------+----------------------
